 Dungeon Crawl Stone Soup version 0.21.1-1-g345015f (webtiles) character file.

6154 Fang the Spear-Bearer (level 10, -3/64 HPs)
             Began as a Gargoyle Berserker on May 16, 2018.
             Was a High Priest of Trog.
             Slain by Shittyoctopus's ghost (9 damage)
             ... on level 8 of the Dungeon.
             The game lasted 00:20:53 (8107 turns).

Fang the Spear-Bearer (Gargoyle Berserker)          Turns: 8107, Time: 00:20:54

Health: -3/64      AC: 14    Str: 23    XL:     10   Next: 90%
Magic:  10/10      EV: 14    Int:  9    God:    Trog [*****.]
Gold:   552        SH:  0    Dex:  9    Spells: 9/9 levels left

rFire    x . .     SeeInvis .   o - +5 scythe
rCold    + . .     Gourm    .   (shield currently unavailable)
rNeg     + . .     Faith    .   y - +2 robe {MR+}
rPois    ∞         Spirit   .   (no helmet)
rElec    +         Reflect  .   (no cloak)
rCorr    .         Harm     .   (no gloves)
MR       +....                  x - +2 pair of boots
Stlth    ++++......             s - amulet of regeneration
HPRegen  0.60/turn              h - ring of stealth
MPRegen  0.12/turn              p - ring of ice

@: berserk cooldown, starving, slowed, very slow
A: negative energy resistance 1, electricity resistance, unbreathing,
petrification resistance, rot immunity, AC +7
a: Berserk, Trog's Hand, Brothers in Arms, Burn Spellbooks, Renounce Religion


You were on level 8 of the Dungeon.
You worshipped Trog.
Trog was extremely pleased with you.
You were starving.

You visited 1 branch of the dungeon, and saw 8 of its levels.
You also visited: Sewer.

You collected 552 gold pieces.

Inventory:

Hand Weapons
 a - a +0 hand axe
 o - a +5 scythe (weapon)
Armour
 x - a +2 pair of boots (worn)
 y - a +2 robe of magic resistance (worn)
Jewellery
 h - a ring of stealth (left hand)
 p - a ring of ice (right hand)
 s - an amulet of regeneration (around neck)
Wands
 f - a wand of acid (10)
 l - a wand of disintegration (9)
 r - a wand of polymorph (31)
 t - a wand of flame (18)
Scrolls
 d - 4 scrolls of teleportation
 u - 3 scrolls of blinking
Potions
 e - 2 potions of might
 g - 2 potions of brilliance
 j - 2 potions of resistance
 k - a potion of curing
 q - 3 potions of mutation
 v - a potion of invisibility
 w - a potion of flight
Comestibles
 c - 20 rations


   Skills:
 + Level 7.9 Fighting
 + Level 4.8(7.9) Axes
 + Level 9.7(10.1) Polearms
 + Level 2.3 Armour
 + Level 6.0 Dodging
 + Level 7.1 Stealth


You had 9 spell levels left.
You didn't know any spells.

Dungeon Overview and Level Annotations

Branches:
Dungeon (8/15)             Temple (0/1) D:4
   Lair: D:8-11

Altars:
Makhleb

Annotations:
D:8 Shittyoctopus's ghost, novice FoFi


Innate Abilities, Weirdness & Mutations

You are resistant to torment.
Your stone body is resilient. (AC +7)
You are immune to poison.
You resist negative energy. (rN+)
You are resistant to electric shocks. (rElec)
You can survive without breathing.
You are immune to petrification.
You are immune to rotting.


Message History

Shittyoctopus's ghost completely misses you.
You slash Shittyoctopus's ghost!
Shittyoctopus's ghost is severely damaged.
Shittyoctopus's ghost hits you! x2
* * * LOW HITPOINT WARNING * * *
Shittyoctopus's ghost hits you!
* * * LOW HITPOINT WARNING * * *
You miss Shittyoctopus's ghost.
Shittyoctopus's ghost is severely damaged.
Shittyoctopus's ghost misses you.
Shittyoctopus's ghost closely misses you.
You closely miss Shittyoctopus's ghost.
Shittyoctopus's ghost is heavily damaged.
Shittyoctopus's ghost barely misses you.
Shittyoctopus's ghost hits you.
* * * LOW HITPOINT WARNING * * *
You slash Shittyoctopus's ghost!
Shittyoctopus's ghost is severely damaged.
Shittyoctopus's ghost hits you!
You die...

...# #........# ....#.# ##.#
#........ ....... #.# #.......# #
#...W ##.####### #.......#.#
#.###.# #........# #.......#.#
#.# # #..#####.# #.........#
##'## #..## #.# #.......# ##...##
#...## #.# #W..# ##.....##
#....###.# #@..# ##.......##
#......#.#######..>####.........#
......................'.)..(.†(.'
#....#.#.#######...####((......(#
#........# ##.## ##.......##
######.### #####.#######.....##
#.# #.........# ##...## #.#
#.###.###.# ##+## #.# #..# #.#
#.#


You could see Shittyoctopus's ghost.

Vanquished Creatures
  Erica (D:8)
  A two-headed ogre (D:8)
  Pikel (D:6)
  A deep elf mage (D:8)
  Psyche (D:8)
  Grinder (D:4)
  Prince Ribbit (D:8)
  A hippogriff (D:6)
  A shadow (D:8)
  Sigmund (D:2)
  Grum (D:8)
  Menkaure (D:6)
  Edmund (D:6)
  2 slaves (D:6)
  3 wolves (D:8)
  3 ogres
  2 centaurs (D:8)
  3 phantoms
  The ghost of sanboga the Skirmisher, an amateur GrBe of Trog (D:3)
  A big kobold (D:8)
  4 bullfrogs
  A scorpion (D:8)
  4 killer bees (D:8)
  3 wights (D:7)
  A crimson imp (D:5)
  A bullfrog zombie (D:5)
  A quasit (D:8)
  A hound (D:4)
  An orc priest (D:3)
  2 bullfrog skeletons
  A centaur skeleton (D:5)
  5 iguanas
  Terence (D:2)
  7 worker ants
  9 gnolls
  8 adders
  2 river rats (D:4)
  A shadow imp (D:8)
  An adder zombie (D:2)
  3 worms (D:3)
  3 dart slugs (D:1)
  7 leopard geckos
  9 orcs
  14 bats
  7 giant cockroaches
  17 hobgoblins
  12 jackals
  2 ball pythons
  6 frilled lizards
  14 goblins
  A jackal skeleton (D:4)
  13 kobolds
  A leopard gecko skeleton (D:4)
  A leopard gecko zombie (D:5)
  A quokka zombie (D:7)
  12 rats
205 creatures vanquished.

Vanquished Creatures (others)
  A slave (D:8)
  A hound (D:8)
  7 fungi (D:4)
9 creatures vanquished.

Grand Total: 214 creatures vanquished

Notes
Turn   | Place    | Note
-------+----------+-------------------------------------------
     0 | D:1      | Fang the Gargoyle Berserker began the quest for the Orb.
     0 | D:1      | Reached XP level 1. HP: 14/14 MP: 1/1
    37 | D:1      | Reached XP level 2. HP: 19/19 MP: 2/2
   288 | D:1      | Reached ** piety under Trog
   296 | D:1      | Reached XP level 3. HP: 12/24 MP: 3/3
  1006 | D:1      | You fall through a shaft!
  1068 | D:2      | Found a faded altar of an unknown god.
  1078 | D:2      | Reached XP level 4. HP: 29/29 MP: 4/4
  1227 | D:2      | Noticed Terence
  1243 | D:2      | Killed Terence
  1243 | D:2      | Reached XP level 5. HP: 24/33 MP: 5/5
  1320 | D:2      | Found a burning altar of Makhleb.
  1843 | D:2      | Noticed Sigmund
  1850 | D:2      | Killed Sigmund
  1850 | D:2      | Reached skill level 1 in Stealth
  1850 | D:2      | Reached XP level 6. HP: 40/40 MP: 6/6
  2080 | D:3      | Reached *** piety under Trog
  2354 | D:3      | Reached skill level 5 in Fighting
  2430 | D:3      | Noticed sanboga's ghost (amateur GrBe)
  2554 | D:3      | Killed sanboga's ghost
  2554 | D:3      | Reached skill level 1 in Polearms
  2554 | D:3      | Reached XP level 7. HP: 39/44 MP: 7/7
  3021 | D:4      | Reached skill level 2 in Polearms
  3050 | D:4      | Found a staircase to the Ecumenical Temple.
  3140 | D:4      | Noticed Grinder
  3153 | D:4      | Paralysed by Grinder for 5 turns
  3163 | D:4      | Paralysed by Grinder for 3 turns
  3167 | D:4      | Paralysed by Grinder for 2 turns
  3169 | D:4      | Killed Grinder
  3169 | D:4      | Reached skill level 3 in Polearms
  3410 | D:4      | Reached XP level 8. HP: 51/51 MP: 8/8
  3430 | D:4      | Found a glowing drain.
  3479 | Sewer    | Entered a sewer
  3493 | Sewer    | Reached **** piety under Trog
  4371 | D:5      | Entered Level 5 of the Dungeon
  4409 | D:5      | Reached skill level 4 in Polearms
  5082 | D:6      | Noticed a hippogriff
  5090 | D:6      | Killed a hippogriff
  5090 | D:6      | Reached skill level 5 in Polearms
  5164 | D:6      | Noticed Edmund
  5182 | D:6      | Killed Edmund
  5287 | D:6      | Reached XP level 9. HP: 55/55 MP: 9/9
  5315 | D:6      | Noticed Pikel
  5330 | D:6      | Killed Pikel
  5330 | D:6      | Reached skill level 6 in Polearms
  5330 | D:6      | Reached skill level 5 in Stealth
  5669 | D:6      | Noticed Menkaure
  5677 | D:6      | Killed Menkaure
  6652 | D:8      | Noticed Psyche
  6662 | D:8      | Killed Psyche
  6662 | D:8      | Reached skill level 7 in Polearms
  6770 | D:8      | Noticed Prince Ribbit
  6790 | D:8      | Reached ***** piety under Trog
  6924 | D:8      | Killed Prince Ribbit
  6924 | D:8      | Reached XP level 10. HP: 50/63 MP: 10/10
  7037 | D:8      | Noticed Erica
  7045 | D:8      | Killed Erica
  7045 | D:8      | Reached skill level 8 in Polearms
  7045 | D:8      | Reached skill level 5 in Dodging
  7169 | D:8      | Noticed a two-headed ogre
  7193 | D:8      | Killed a two-headed ogre
  7361 | D:8      | Reached skill level 9 in Polearms
  7489 | D:8      | Noticed Grum
  7512 | D:8      | Killed Grum
  7584 | D:8      | Noticed Shittyoctopus's ghost (novice FoFi)
  7688 | D:8      | Noticed a deep elf mage
  7700 | D:8      | Killed a deep elf mage
  8107 | D:8      | Slain by Shittyoctopus's ghost

Skill      XL: |  1  2  3  4  5  6  7  8  9 10 |
---------------+-------------------------------+-----
Axes           | 3 4 |  4.8
Dodging        | 2 3 4 6 |  6.0
Fighting       | 4 5 6 7 |  7.9
Stealth        | 1 2 4 6 7 |  7.1
Polearms       | 1 3 5 7 9 |  9.7
Armour         | |  2.3

Action                   |  1- 3 |  4- 6 |  7- 9 | 10-12 || total
-------------------------+-------+-------+-------+-------++-------
Melee: Hand axe          |   106 |    61 |       |       ||   167
       Scythe            |       |    81 |   338 |   142 ||   561
Invok: Berserk           |     2 |     5 |     7 |     6 ||    20
       Burn Spellbooks   |       |       |       |     1 ||     1
  Use: Scroll            |       |     6 |    11 |     4 ||    21
       Potion            |       |       |     7 |     4 ||    11
 Stab: Sleeping          |       |     5 |    29 |       ||    34
       Distracted        |       |       |     1 |       ||     1
  Eat: Chunk             |     1 |    10 |    15 |     8 ||    34
       Ration            |       |       |     2 |       ||     2
Armor: Animal skin       |    68 |    52 |   171 |     8 ||   299
       Skin              |       |       |     9 |     1 ||    10
       Robe              |       |       |       |    86 ||    86
Dodge: Dodged            |   136 |   122 |   372 |   214 ||   844
